General information
- name: BNet
- type: Ladder team game (AT/RT)
- host: Battle.net
- saver: HEAVENSRAINDOW.
map: Cherryville
- players: 8
- length: 34:46
- speed: Fast
- version: 1.26 W3XP
- replay type: Public
» download(204 KB)
Players
team 1 (loser)
craig47 (
red | 23 APM | 689 actions | 30:34)
7 Mountain King
3 Storm Bolt
2 Bash
2 Avatar
» actions
| Assign group hotkey | 20 | |
| Build / train | 80 | |
| Enter build submenu | 35 | |
| Enter hero's abilities submenu | 8 | |
| Right click | 196 | |
| Select / deselect | 223 | |
| Select group hotkey | 74 | |
| Use ability | 53 | |
689 total
» units
| Peasant | 30 | |
| Footman | 6 | |
| Rifleman | 4 | |
| Knight | 11 | |
51 total
» upgrades
| Swords | 3 | |
| Lumber Harvesting | 2 | |
| Plating | 1 | |
| Animal War Training | 1 | |
| Masonry | 1 | |
8 total
» buildings
| Altar of Kings | 1 | |
| Barracks | 2 | |
| Farm | 10 | |
| Blacksmith | 1 | |
| Keep | 1 | |
| Lumber Mill | 1 | |
| Town Hall | 1 | |
| Castle | 1 | |
| Scout Tower | 13 | |
| Arcane Vault | 1 | |
| Guard Tower | 9 | |
| Workshop | 2 | |
43 total
» build order
00:07 Altar of Kings
00:11 Barracks
00:28 Farm
01:10 Farm
02:00 Farm
02:38 Farm
02:48 Blacksmith
03:22 Farm
03:52 Keep
04:04 Farm
04:48 Farm
04:54 Lumber Mill
05:08 Town Hall
05:30 Farm
06:46 Barracks
07:10 Farm
07:20 Castle
07:52 Scout Tower
07:58 Arcane Vault
08:36 Guard Tower
08:46 Scout Tower
09:06 Scout Tower
09:11 Scout Tower
09:17 Guard Tower
09:19 Scout Tower
09:25 Farm
09:56 Scout Tower
09:56 Guard Tower
10:00 Guard Tower
10:03 Scout Tower
10:07 Scout Tower
10:37 Guard Tower
10:53 Guard Tower
11:01 Scout Tower
11:05 Scout Tower
11:33 Guard Tower
11:55 Guard Tower
13:01 Scout Tower
13:45 Guard Tower
13:48 Scout Tower
14:34 Scout Tower
22:59 Workshop
23:22 Workshop
» items
UppityNegro (
green | 56 APM | 1960 actions | 34:44)
9 Archmage
3 Summon Water Elemental
3 Brilliance Aura
1 Mass Teleport
2 Blizzard
» actions
| Assign group hotkey | 169 | |
| Basic commands | 93 | |
| Build / train | 107 | |
| Enter build submenu | 33 | |
| Enter hero's abilities submenu | 9 | |
| Give item / drop item | 7 | |
| Right click | 710 | |
| Select / deselect | 354 | |
| Select group hotkey | 337 | |
| Use ability | 141 | |
1960 total
» units
| Peasant | 18 | |
| Footman | 6 | |
| Goblin Shredder | 4 | |
| Gryphon Rider | 9 | |
| Dragonhawk Rider | 10 | |
| Goblin Sapper | 4 | |
51 total
» upgrades
| Masonry | 3 | |
| Swords | 3 | |
| Armor | 3 | |
| Storm Hammers | 1 | |
| Animal War Training | 1 | |
| Cloud | 1 | |
| Defend | 1 | |
| Plating | 1 | |
14 total
» buildings
| Altar of Kings | 1 | |
| Barracks | 1 | |
| Farm | 8 | |
| Arcane Vault | 1 | |
| Keep | 1 | |
| Town Hall | 3 | |
| Lumber Mill | 1 | |
| Castle | 1 | |
| Scout Tower | 14 | |
| Guard Tower | 9 | |
| Gryphon Aviary | 4 | |
| Blacksmith | 2 | |
46 total
» build order
00:36 Altar of Kings
00:37 Barracks
00:51 Farm
00:51 Farm
01:05 Farm
01:42 Farm
03:04 Arcane Vault
03:44 Keep
04:14 Town Hall
05:34 Lumber Mill
06:25 Castle
06:32 Scout Tower
06:34 Scout Tower
06:36 Scout Tower
06:38 Scout Tower
06:40 Scout Tower
06:43 Scout Tower
07:06 Guard Tower
07:09 Guard Tower
07:09 Guard Tower
07:09 Guard Tower
07:45 Gryphon Aviary
07:46 Gryphon Aviary
07:46 Gryphon Aviary
07:48 Gryphon Aviary
07:52 Blacksmith
07:57 Blacksmith
08:06 Farm
08:17 Guard Tower
14:52 Farm
14:58 Farm
16:56 Farm
19:53 Town Hall
20:33 Scout Tower
20:33 Scout Tower
20:33 Scout Tower
20:33 Scout Tower
20:35 Scout Tower
20:36 Scout Tower
20:36 Scout Tower
21:11 Guard Tower
21:44 Guard Tower
21:44 Guard Tower
25:52 Town Hall
» items
| Scroll of Regeneration | 8 | |
| Periapt of Vitality | 1 | |
| Potion of Lesser Invulnerability | 2 | |
| Potion of Healing | 3 | |
| Scroll of Town Portal | 3 | |
| Staff of Sanctuary | 1 | |
| Mechanical Critter | 2 | |
| Potion of Invisibility | 1 | |
21 total
ink718 (
orange | 77 APM | 2043 actions | 26:24)
3 Blademaster
1 Wind Walk
2 Critical Strike
» actions
| Assign group hotkey | 44 | |
| Basic commands | 43 | |
| Build / train | 60 | |
| ESC pressed | 2 | |
| Enter build submenu | 26 | |
| Enter hero's abilities submenu | 3 | |
| Remove unit from queue | 4 | |
| Right click | 1049 | |
| Select / deselect | 463 | |
| Select group hotkey | 204 | |
| Use ability | 144 | |
2043 total
» units
| Peon | 13 | |
| Troll Batrider | 16 | |
| Rifleman | 5 | |
34 total
» upgrades
| Ranged Weapons | 3 | |
| Melee Weapons | 0 | |
| Liquid Fire | 1 | |
| Spirit Walker Training | 1 | |
| Pulverize | 1 | |
6 total
» buildings
| Orc Burrow | 10 | |
| Altar of Storms | 1 | |
| Voodoo Lounge | 1 | |
| War Mill | 1 | |
| Stronghold | 2 | |
| Fortress | 2 | |
| Beastiary | 4 | |
| Spirit Lodge | 1 | |
| Tauren Totem | 2 | |
| Watch Tower | 1 | |
| Arcane Vault | 1 | |
26 total
» build order
00:06 Orc Burrow
00:25 Altar of Storms
00:44 Orc Burrow
01:11 Voodoo Lounge
02:11 War Mill
02:51 Stronghold
02:51 Stronghold
03:56 Orc Burrow
03:58 Orc Burrow
05:21 Fortress
05:21 Fortress
05:27 Beastiary
05:34 Beastiary
05:38 Beastiary
05:41 Beastiary
06:31 Fortress
06:31 Fortress
07:11 Orc Burrow
12:53 Spirit Lodge
12:55 Tauren Totem
14:25 Tauren Totem
15:45 Watch Tower
15:52 Orc Burrow
16:17 Orc Burrow
16:40 Orc Burrow
17:04 Orc Burrow
17:09 Orc Burrow
21:11 Arcane Vault
» items
| Healing Salve | 2 | |
| Lesser Clarity Potion | 1 | |
| Orb of Lightning | 1 | |
4 total
CHEEZE (
purple | 33 APM | 667 actions | 20:07)
4 Mountain King
2 Storm Bolt
1 Thunder Clap
1 Bash
» actions
| Assign group hotkey | 1 | |
| Basic commands | 17 | |
| Build / train | 68 | |
| Enter build submenu | 27 | |
| Enter hero's abilities submenu | 4 | |
| Give item / drop item | 2 | |
| Right click | 360 | |
| Select / deselect | 136 | |
| Select group hotkey | 7 | |
| Use ability | 45 | |
667 total
» units
| Peasant | 10 | |
| Footman | 5 | |
| Rifleman | 1 | |
| Priest | 14 | |
| Sorceress | 12 | |
42 total
» upgrades
| Masonry | 1 | |
| Armor | 2 | |
| Lumber Harvesting | 1 | |
| Long Rifles | 1 | |
| Sorceress Training | 2 | |
| Priest Training | 2 | |
| Gunpowder | 1 | |
10 total
» buildings
| Altar of Kings | 1 | |
| Farm | 13 | |
| Barracks | 2 | |
| Lumber Mill | 1 | |
| Arcane Vault | 1 | |
| Keep | 1 | |
| Blacksmith | 1 | |
| Castle | 1 | |
| Scout Tower | 10 | |
| Arcane Sanctum | 2 | |
| Guard Tower | 9 | |
42 total
» build order
00:15 Altar of Kings
00:25 Farm
01:14 Barracks
01:29 Farm
01:38 Lumber Mill
03:24 Arcane Vault
03:29 Keep
03:35 Blacksmith
04:12 Barracks
05:33 Farm
06:00 Castle
06:04 Scout Tower
06:11 Scout Tower
06:15 Arcane Sanctum
06:22 Arcane Sanctum
06:55 Guard Tower
06:55 Guard Tower
07:33 Farm
07:45 Farm
07:46 Farm
07:49 Farm
09:03 Farm
10:20 Farm
10:27 Farm
13:49 Farm
13:51 Farm
13:52 Farm
16:17 Scout Tower
16:18 Scout Tower
16:20 Scout Tower
16:22 Scout Tower
16:24 Scout Tower
16:26 Scout Tower
16:28 Scout Tower
16:30 Scout Tower
16:58 Guard Tower
16:58 Guard Tower
17:00 Guard Tower
17:58 Guard Tower
18:01 Guard Tower
team 2 (winner)
HEAVENSRAINDOW (
blue | 56 APM | 1939 actions | 34:44)
7 Mountain King
3 Storm Bolt
3 Bash
1 Avatar
» actions
| Assign group hotkey | 45 | |
| Basic commands | 35 | |
| Build / train | 105 | |
| Enter build submenu | 24 | |
| Enter hero's abilities submenu | 7 | |
| Give item / drop item | 2 | |
| Remove unit from queue | 1 | |
| Right click | 698 | |
| Select / deselect | 217 | |
| Select group hotkey | 601 | |
| Use ability | 204 | |
1939 total
» units
| Peasant | 16 | |
| Footman | 4 | |
| Flying Machine | 29 | |
| Goblin Sapper | 4 | |
| Mortar Team | 5 | |
58 total
» upgrades
| Masonry | 3 | |
| Lumber Harvesting | 2 | |
| Gunpowder | 3 | |
| Plating | 3 | |
| Flying Machine Bombs | 1 | |
| Flak Cannons | 1 | |
13 total
» buildings
| Altar of Kings | 1 | |
| Barracks | 1 | |
| Farm | 7 | |
| Scout Tower | 16 | |
| Arcane Tower | 1 | |
| Lumber Mill | 1 | |
| Town Hall | 3 | |
| Guard Tower | 8 | |
| Arcane Vault | 2 | |
| Keep | 1 | |
| Blacksmith | 1 | |
| Castle | 1 | |
| Workshop | 3 | |
| Cannon Tower | 1 | |
47 total
» build order
00:07 Altar of Kings
00:23 Barracks
00:36 Farm
00:53 Farm
01:30 Farm
01:37 Scout Tower
02:12 Arcane Tower
02:27 Lumber Mill
02:55 Farm
04:15 Town Hall
04:23 Town Hall
04:25 Scout Tower
04:25 Scout Tower
04:26 Scout Tower
04:28 Scout Tower
05:28 Guard Tower
05:33 Arcane Vault
05:56 Keep
06:05 Scout Tower
06:06 Scout Tower
06:22 Blacksmith
06:24 Scout Tower
06:24 Scout Tower
06:25 Scout Tower
07:04 Guard Tower
07:12 Guard Tower
07:20 Arcane Vault
07:30 Scout Tower
07:30 Scout Tower
07:32 Guard Tower
08:07 Guard Tower
08:07 Guard Tower
08:38 Guard Tower
09:02 Castle
10:24 Workshop
10:27 Workshop
10:45 Workshop
12:39 Farm
12:40 Farm
12:40 Farm
19:27 Town Hall
19:29 Scout Tower
19:29 Scout Tower
19:29 Scout Tower
19:30 Scout Tower
20:58 Cannon Tower
» items
| Staff of Teleportation | 1 | |
| Boots of Speed | 1 | |
| Potion of Mana | 4 | |
| Potion of Invisibility | 1 | |
| Scroll of Healing | 1 | |
| Orb of Fire | 1 | |
| Potion of Lesser Invulnerability | 1 | |
| Scroll of Regeneration | 1 | |
| Potion of Healing | 1 | |
12 total
HEAVENSRAINDOW. (
yellow | 99 APM | 3439 actions | 34:46)
9 Archmage
3 Summon Water Elemental
3 Brilliance Aura
2 Blizzard
1 Mass Teleport
» actions
| Assign group hotkey | 115 | |
| Basic commands | 235 | |
| Build / train | 197 | |
| ESC pressed | 8 | |
| Enter build submenu | 51 | |
| Enter hero's abilities submenu | 11 | |
| Give item / drop item | 4 | |
| Right click | 1237 | |
| Select / deselect | 412 | |
| Select group hotkey | 900 | |
| Use ability | 269 | |
3439 total
» units
| Peasant | 15 | |
| Footman | 7 | |
| Goblin Shredder | 3 | |
| Dragonhawk Rider | 8 | |
| Sorceress | 1 | |
| Gryphon Rider | 4 | |
38 total
» upgrades
| Masonry | 3 | |
| Swords | 4 | |
| Armor | 3 | |
| Cloud | 1 | |
| Lumber Harvesting | 2 | |
| Sorceress Training | 2 | |
| Magic Sentry | 1 | |
| Storm Hammers | 1 | |
| Animal War Training | 1 | |
18 total
» buildings
| Altar of Kings | 1 | |
| Barracks | 1 | |
| Farm | 7 | |
| Arcane Vault | 1 | |
| Lumber Mill | 1 | |
| Town Hall | 2 | |
| Scout Tower | 31 | |
| Guard Tower | 61 | |
| Keep | 3 | |
| Blacksmith | 1 | |
| Gryphon Aviary | 5 | |
| Castle | 4 | |
| Arcane Sanctum | 1 | |
119 total
» build order
00:38 Altar of Kings
00:40 Barracks
00:51 Farm
01:05 Farm
01:35 Farm
01:59 Arcane Vault
02:16 Farm
03:15 Lumber Mill
04:14 Town Hall
05:36 Scout Tower
05:38 Scout Tower
05:40 Scout Tower
05:52 Scout Tower
05:52 Scout Tower
05:53 Scout Tower
05:54 Scout Tower
05:55 Scout Tower
05:57 Scout Tower
05:59 Scout Tower
06:20 Guard Tower
06:21 Guard Tower
06:21 Keep
06:22 Keep
06:24 Guard Tower
06:24 Guard Tower
06:25 Guard Tower
06:25 Guard Tower
06:28 Guard Tower
06:41 Guard Tower
06:41 Guard Tower
06:41 Guard Tower
07:13 Blacksmith
07:28 Guard Tower
07:32 Scout Tower
07:32 Scout Tower
07:33 Scout Tower
07:34 Scout Tower
08:07 Guard Tower
08:07 Guard Tower
08:07 Guard Tower
08:09 Guard Tower
08:09 Guard Tower
09:03 Gryphon Aviary
09:06 Gryphon Aviary
09:25 Guard Tower
09:25 Guard Tower
09:28 Guard Tower
09:28 Guard Tower
09:28 Guard Tower
09:30 Guard Tower
09:57 Town Hall
10:07 Scout Tower
10:07 Scout Tower
10:08 Scout Tower
10:09 Scout Tower
10:16 Scout Tower
10:18 Scout Tower
10:20 Scout Tower
10:22 Scout Tower
10:23 Scout Tower
10:24 Scout Tower
10:41 Guard Tower
10:41 Guard Tower
10:41 Guard Tower
10:44 Castle
10:45 Castle
10:45 Castle
11:11 Guard Tower
11:37 Guard Tower
11:38 Guard Tower
11:38 Guard Tower
12:38 Gryphon Aviary
12:40 Gryphon Aviary
12:42 Gryphon Aviary
16:00 Arcane Sanctum
16:18 Scout Tower
16:19 Scout Tower
16:24 Scout Tower
16:26 Scout Tower
16:46 Guard Tower
16:46 Guard Tower
16:46 Guard Tower
16:47 Guard Tower
16:47 Guard Tower
16:49 Guard Tower
16:49 Guard Tower
16:49 Guard Tower
16:53 Guard Tower
16:53 Guard Tower
16:54 Guard Tower
16:55 Scout Tower
16:58 Scout Tower
17:02 Scout Tower
17:04 Farm
17:05 Farm
17:06 Farm
17:47 Guard Tower
17:48 Guard Tower
17:48 Guard Tower
17:49 Guard Tower
17:49 Guard Tower
17:50 Guard Tower
» items
| Scroll of Regeneration | 7 | |
| Mechanical Critter | 6 | |
| Ivory Tower | 6 | |
| Periapt of Vitality | 2 | |
| Staff of Teleportation | 1 | |
| Potion of Lesser Invulnerability | 3 | |
| Scroll of Protection | 2 | |
| Tome of Retraining | 1 | |
| Potion of Invisibility | 1 | |
| Scroll of Town Portal | 3 | |
| Potion of Healing | 6 | |
38 total
famousNOOB (
teal | 50 APM | 805 actions | 16:10)
4 Demon Hunter
2 Evasion
2 Mana Burn
2 Priestess of the Moon
1 Scout
1 Trueshot Aura
» actions
| Basic commands | 18 | |
| Build / train | 53 | |
| ESC pressed | 13 | |
| Enter build submenu | 17 | |
| Enter hero's abilities submenu | 6 | |
| Right click | 397 | |
| Select / deselect | 252 | |
| Use ability | 49 | |
805 total
» units
| Wisp | 20 | |
| Chimaera | 5 | |
| Druid of the Talon | 2 | |
27 total
» upgrades
| Strength of the Wild | 3 | |
| Reinforced Hides | 3 | |
| Druid of the Talon Training | 2 | |
| Corrosive Breath | 1 | |
| Well Spring | 1 | |
| Mark of the Talon | 1 | |
11 total
» buildings
| Altar of Elders | 1 | |
| Moon Well | 5 | |
| Hunter's Hall | 1 | |
| Tree of Ages | 4 | |
| Ancient Protector | 2 | |
| Tree of Eternity | 2 | |
| Ancient of Wind | 1 | |
| Tree of Life | 1 | |
| Chimaera Roost | 2 | |
19 total
» build order
00:13 Altar of Elders
00:25 Moon Well
01:19 Moon Well
01:48 Hunter's Hall
02:12 Moon Well
02:56 Tree of Ages
02:56 Tree of Ages
02:56 Tree of Ages
03:05 Moon Well
03:23 Ancient Protector
03:59 Ancient Protector
05:17 Tree of Eternity
05:17 Tree of Eternity
05:25 Ancient of Wind
06:47 Tree of Life
08:39 Chimaera Roost
08:46 Chimaera Roost
13:50 Moon Well
trubelieber (
pink | 24 APM | 831 actions | 34:44)
5 Death Knight
2 Death Coil
3 Unholy Aura
» actions
| Assign group hotkey | 16 | |
| Build / train | 48 | |
| Enter build submenu | 23 | |
| Enter hero's abilities submenu | 5 | |
| Give item / drop item | 1 | |
| Right click | 220 | |
| Select / deselect | 184 | |
| Select group hotkey | 286 | |
| Use ability | 47 | |
831 total
» units
| Acolyte | 7 | |
| Ghoul | 3 | |
| Crypt Fiend | 6 | |
| Goblin Shredder | 1 | |
| Frost Wyrm | 7 | |
24 total
» upgrades
| Creature Attack | 3 | |
| Creature Carapace | 2 | |
| Web | 1 | |
6 total
» buildings
| Altar of Darkness | 1 | |
| Crypt | 1 | |
| Ziggurat | 13 | |
| Graveyard | 1 | |
| Tomb of Relics | 2 | |
| Halls of the Dead | 1 | |
| Necropolis | 1 | |
| Black Citadel | 1 | |
| Sacrificial Pit | 1 | |
| Boneyard | 2 | |
| Nerubian Tower | 4 | |
| Spirit Tower | 1 | |
| Tree of Life | 2 | |
| Moon Well | 1 | |
| Altar of Elders | 1 | |
33 total
» build order
00:13 Altar of Darkness
00:19 Crypt
00:50 Ziggurat
01:30 Graveyard
01:47 Ziggurat
02:21 Ziggurat
02:51 Tomb of Relics
03:17 Halls of the Dead
05:33 Necropolis
06:11 Black Citadel
07:16 Sacrificial Pit
08:30 Ziggurat
08:34 Ziggurat
08:35 Ziggurat
08:37 Ziggurat
08:37 Ziggurat
08:39 Ziggurat
09:10 Boneyard
10:30 Boneyard
11:46 Nerubian Tower
11:47 Nerubian Tower
11:50 Ziggurat
12:52 Nerubian Tower
13:39 Tomb of Relics
15:48 Nerubian Tower
15:50 Spirit Tower
18:20 Ziggurat
18:21 Ziggurat
18:23 Ziggurat
20:36 Tree of Life
20:41 Moon Well
20:43 Altar of Elders
21:59 Tree of Life
» items
| Scroll of Regeneration | 1 | |
| Scroll of Healing | 1 | |
| Orb of Corruption | 1 | |
| Potion of Healing | 2 | |
5 total
Chat log
(00:07 / All) HEAVENSRAINDOW.: Nice username blue
(00:09 / All) HEAVENSRAINDOW.: what a coincidence
(00:12 / All) HEAVENSRAINDOW: thx yellow
(00:14 / All) HEAVENSRAINDOW: what a coincedence
(03:25 / All) HEAVENSRAINDOW: is teal really famous
(05:29 / Allies) trubelieber: 100 wood plz
(06:49 / Allies) HEAVENSRAINDOW: where is bob at
(06:59 / Allies) HEAVENSRAINDOW.: bot inside
(07:54 / Allies) HEAVENSRAINDOW: tp maybe
(08:45 / Allies) HEAVENSRAINDOW: they are there
(09:32 / Allies) HEAVENSRAINDOW.: don't lure him
(09:37 / Allies) HEAVENSRAINDOW.: I want to expand here
(09:53 / Allies) trubelieber: WOOD?
(10:34 / Allies) HEAVENSRAINDOW.: they have bats
(10:49 / Allies) HEAVENSRAINDOW: should i go tanks
(10:51 / Allies) HEAVENSRAINDOW: or copt
(10:57 / Allies) HEAVENSRAINDOW.: tanks
(11:17 / Allies) HEAVENSRAINDOW: getting orb
(11:21 / Allies) HEAVENSRAINDOW.: inc my expansion
(11:57 / Allies) famousNOOB: help
(13:09 / Allies) HEAVENSRAINDOW.: wood
(13:11 / Allies) HEAVENSRAINDOW.: wood
(13:11 / Allies) trubelieber: fuck i needed that shredder
(13:15 / Allies) HEAVENSRAINDOW.: wood
(13:18 / Allies) HEAVENSRAINDOW.: ty
(14:06 / All) UppityNegro: mh city
(14:09 / All) UppityNegro: Jesus
(14:13 / All) UppityNegro: Sit in your fucking base
(14:14 / All) UppityNegro: WAIT
(14:16 / All) UppityNegro: then don't move
(15:34 / All) HEAVENSRAINDOW.: red sucks big time
(17:04 / All) HEAVENSRAINDOW: GREAT TP PINK
(17:08 / All) UppityNegro: NOW YOUR WYRMS AINT SO GOOD
(17:10 / All) UppityNegro: FUCKING FAGGOT
(18:06 / All) trubelieber: relax green just a game
(18:10 / All) HEAVENSRAINDOW: LOL
(18:28 / All) UppityNegro: YOU THINK THIS IS JUST A GAME>
(18:32 / All) UppityNegro: I'M NOT FUCKING PLAYING HERE
(18:48 / All) UppityNegro: ILL SHOW YOU GAME WHEN I ELIMINATE YOU FROM THE MAP COMPLETELY
(18:50 / All) UppityNegro: FUCKING BITCH
(19:18 / All) UppityNegro: DIE MOTHERFUCKER DIE
(19:22 / All) UppityNegro: DIE MOTHERFUCKER DIE MOTHERFUCKER DIE
(19:28 / All) trubelieber: lol
(19:29 / All) UppityNegro: ALWAYS WAS A GANGSTER NOTHING BUT A GANGSTA
(20:07 / All) HEAVENSRAINDOW.: AVE, TRUE TO CAESAR!
(20:09 / All) HEAVENSRAINDOW: def plug pulla
(20:14 / All) HEAVENSRAINDOW: oh yea i beat new vegas
(20:21 / All) UppityNegro: OH NO
(20:23 / All) HEAVENSRAINDOW.: as in did the main quest?
(20:26 / All) UppityNegro: I ONLY HAVE 3k LUMBER
(20:28 / All) UppityNegro: I AM LOST!
(20:28 / All) HEAVENSRAINDOW.: there's so much in it it's hard to really beat
(20:36 / All) HEAVENSRAINDOW: i did nothing but ncr quests then decided to help legion, ncr hated me then sided with yes man
(20:46 / All) UppityNegro: DONT MAKE ME REMAKE MY DHAWKS BITCH
(22:11 / All) HEAVENSRAINDOW: mr house
(22:12 / All) HEAVENSRAINDOW: u guys like him
(22:15 / All) HEAVENSRAINDOW: i killed him
(22:17 / All) HEAVENSRAINDOW: promoted yes man
(22:35 / All) UppityNegro: nice mh lol
(22:52 / All) trubelieber: talking about yourself?
(23:07 / All) UppityNegro: talking about you lol
(23:08 / All) HEAVENSRAINDOW.: only if you're colourblind
(23:10 / All) UppityNegro: faggggggg
(23:19 / All) HEAVENSRAINDOW: standoff i say
(23:34 / All) trubelieber: ROMA!
(23:38 / All) trubelieber: FOR ROMA!
(25:25 / All) UppityNegro: You're finished bub
(25:30 / All) UppityNegro: you'll never work in this town agan
(25:38 / All) trubelieber: /thumbs up
(25:52 / All) HEAVENSRAINDOW: QUACK QUACK MR DUCKSWORTH
(26:25 / All) HEAVENSRAINDOW: no boots fail
(26:36 / All) UppityNegro: wonder why purple left lel
(26:49 / All) HEAVENSRAINDOW.: lol
(26:52 / All) HEAVENSRAINDOW.: didn't even have to wait for avatar
(27:09 / All) HEAVENSRAINDOW: pink red standoff?
(27:11 / Allies) HEAVENSRAINDOW.: you got mortars if you forgot
(27:14 / All) UppityNegro: yeah
(27:54 / Allies) HEAVENSRAINDOW: pink d oureally mh?
(28:04 / All) HEAVENSRAINDOW: u played a good game red
(28:11 / Allies) trubelieber: nope
(28:23 / All) HEAVENSRAINDOW: pink claims he doesnt mh
(28:28 / All) UppityNegro: he def does
(29:13 / All) trubelieber: you probably do. you found teal i was building qith pretty quick
(29:23 / All) UppityNegro: I do that's how I know you do
(29:37 / All) HEAVENSRAINDOW.: I forgot my air upgrades this game
(29:42 / All) HEAVENSRAINDOW.: storm hammer and bestiality upgrade
(30:04 / Allies) trubelieber: are you friends with green?
(30:14 / All) HEAVENSRAINDOW: i always say this but one day we need to leave a footie or grunt on each side with a million towers
(30:21 / Allies) HEAVENSRAINDOW.: no
(30:24 / Allies) HEAVENSRAINDOW.: what makes you say that
(30:39 / All) UppityNegro: aw
(30:41 / All) UppityNegro: a shamme
(30:47 / All) HEAVENSRAINDOW: that is y i made mortars
(30:48 / All) HEAVENSRAINDOW.: Looks like you lose pink
(31:12 / All) trubelieber: am i pink?
(31:17 / All) HEAVENSRAINDOW.: yees and you lose
(31:17 / Allies) trubelieber: oh i am haha
(31:22 / All) HEAVENSRAINDOW: i forgot how to
(31:24 / All) HEAVENSRAINDOW: shift ping
(31:27 / All) HEAVENSRAINDOW: doesnt work for me anymore
(31:39 / All) HEAVENSRAINDOW.: I use alt+g
(31:43 / All) trubelieber: just a game who cares who wins
(31:56 / All) UppityNegro: then leave you miserable bastard
(32:38 / All) trubelieber: im enjoying the show =)
(33:13 / All) HEAVENSRAINDOW.: Anything to say for yourself in these final moments?
(33:27 / All) HEAVENSRAINDOW: heil the burning man from zion
(33:36 / All) HEAVENSRAINDOW: only dlc i did
(33:48 / All) HEAVENSRAINDOW.: they're all worth playing
(34:05 / All) HEAVENSRAINDOW: love tap time
(34:19 / All) HEAVENSRAINDOW: kill me
(34:21 / All) HEAVENSRAINDOW: mr